 Dungeon Crawl Stone Soup version 0.31.0-11-ge490571c62 (webtiles) character file.

Game seed: 8753078426855714679

46 olmar the Ruffian (level 3, 0/46 HPs)
             Began as a Naga Shapeshifter on Feb 4, 2024.
             Slain by a gnoll
             ... wielding a +0 spear
              (2 damage)
             ... on level 2 of the Dungeon.
             The game lasted 00:01:02 (869 turns).

olmar the Ruffian (Naga Shapeshifter)                Turns: 869, Time: 00:01:02

Health: 0/46       AC: 21    Str: 18    XL:     3   Next: 68%
Magic:  3/3        EV:  1    Int: 10    God:
Gold:   20         SH:  0    Dex: 10    Spells: 2/2 levels left

rFire   . .          .
                       - Unarmed
rCold   . . .        (no shield)
rNeg    . . .        a - melded +0 animal skin
rPois   +            (helmet currently unavailable)
rElec   .            (cloak currently unavailable)
rCorr   .            (gloves currently unavailable)
SInv    +            (no barding)
Will    .....        (no amulet)
Stlth   +            (no ring)
HPRegen 0.27/turn    (no ring)
MPRegen 0.08/turn

%: no passive effects
@: short of breath, tree-form
A: stationary, stasis, torment immunity, boosted hp, AC +1, large, see
invisible, (deformed body), (poison resistance), (slowness 2), spit poison 1,
(naga tail 1)
a: Spit Poison


You were on level 2 of the Dungeon.
You were a tree.
You visited 1 branch of the dungeon, and saw 2 of its levels.

You collected 20 gold pieces.

Inventory:

Armour
 a - a +0 animal skin (melded)
 g - a +0 ring mail
Talismans
 c - a beast talisman
 d - a flux talisman
Scrolls
 e - a scroll of teleportation {unknown}
 f - a scroll of silence {unknown}
 h - a scroll of poison {unknown}
Potions
 b - 2 potions of lignification


   Skills:
 + Level 1.1 Fighting
 + Level 1.9 Dodging
 + Level 1.2 Stealth
 + Level 3.7 Unarmed Combat
 + Level 3.4 Shapeshifting


You had 2 spell levels left.
You didn't know any spells.
Your spell library contained the following spells:

 Spells                   Type           Power      Damage    Failure   Level
 Kiss of Death            Conj/Necr      0%         2d5       36%         1
 Confusing Touch          Hex            0%         N/A       75%         3
 Dispel Undead            Necr           0%         3d6       98%         4


Dungeon Overview and Level Annotations

Branches:
Dungeon (2/15)

Altars:


Innate Abilities, Weirdness & Mutations

You are a tree.
Your roots penetrate the ground, keeping you stationary.
You cannot be teleported.
You are immune to unholy pain and torment.
Your maximum health is greatly increased.
Your equipment is partially melded.
((Your serpentine skin is tough. (AC +1)))
You have supernaturally acute eyesight. (SInv)
((Armour fits poorly on your strangely shaped body.))
((Your system is resistant to poisons. (rPois)))
((You cover ground very slowly.))
You can spit poison.
((You have a snake-like lower body.))


Message History

The gnoll hits you but does no damage. The hobgoblin hits you.
* * * LOW HITPOINT WARNING * * *
The gnoll hits you but does no damage.
Unknown command.
You smack the dart slug!
You kill the dart slug!
The hobgoblin hits you but does no damage.
The gnoll hits you with a +0 flail.
* * * LOW HITPOINT WARNING * * *
The gnoll hits you but does no damage.
The gnoll hits you from afar with a +0 spear.
* * * LOW HITPOINT WARNING * * *
Okay, then.
Okay, then.
You smack the gnoll!
You kill the gnoll!
The hobgoblin hits you but does no damage.
The gnoll hits you but does no damage. x2
Unknown command.
You closely miss the gnoll.
The hobgoblin hits you but does no damage.
The gnoll hits you but does no damage. x2
Unknown command.
You barely miss the gnoll. The hobgoblin hits you.
* * * LOW HITPOINT WARNING * * *
The gnoll hits you but does no damage. x2
Unknown command.
Aiming: Spit Poison (2% risk of failure)
Press: ? - help, Shift-Dir - straight line, f - gnoll
Aim: a gnoll, wielding a +0 spear (65% to hit)
The splash of poison hits the gnoll.
The gnoll is poisoned.
The gnoll is heavily wounded.
The hobgoblin hits you but does no damage.
The gnoll hits you but does no damage. x2
Unknown command.
You smack the gnoll!
The gnoll is almost dead.
The hobgoblin hits you but does no damage.
The gnoll hits you from afar with a +0 spear.
You die...

#.# ####<#
..#.# #.#.#
#.#.#
.#######.>.#
..........##
......g...#
.P.P..g♣..#
P..P.P.)..#
PP...gP......
P....P..#..#.#
P....PP.#..#
..
P.P..PP..... .
....P...#..##
........# .#


You could see 2 gnolls and a hobgoblin.

Vanquished Creatures
  2 gnolls (D:2)
  A dart slug (D:2)
  4 endoplasms (D:1)
  2 giant cockroaches (D:1)
  A goblin (D:1)
  3 hobgoblins (D:1)
  2 ball pythons (D:1)
  4 bats (D:1)
  A frilled lizard (D:2)
  3 kobolds (D:1)
  2 rats (D:1)
25 creatures vanquished.

Notes
Turn   | Place    | Note
-------+----------+-------------------------------------------
     0 | D:1      | olmar the Naga Shapeshifter began the quest for the Orb.
     0 | D:1      | Reached XP level 1. HP: 18/18 MP: 1/1
   301 | D:1      | Reached XP level 2. HP: 19/25 MP: 2/2
   782 | D:1      | Reached XP level 3. HP: 27/31 MP: 3/3
   862 | D:2      | Reached skill level 1 in Stealth
   864 | D:2      | HP: 2/46 [gnoll/+0 spear (5)]
   869 | D:2      | Slain by a gnoll

Illustrated notes

Levels and vault maps discovered:
D:1:      psy_arrival_whirlpool, layout_loops_ring
D:2:      layout_loops_ring, nicolae_grassy_gnolls

Skill      XL: |  1  2  3 |
---------------+----------+-----
Stealth        | 1 |  1.2
Fighting       | |  1.1
Dodging        | |  1.9
Unarmed Combat | |  3.7
Shapeshifting  | |  3.4

Action                     || total
---------------------------++-------
  Melee: Unarmed           ||    59
Ability: Spit Poison       ||     1
    Use: Potion            ||     1
   Stab: Sleeping          ||     3
 Armour: Animal skin       ||    39
         Skin              ||    48
  Dodge: Dodged            ||    20
